 Dungeon Crawl Stone Soup version 0.28-a0-1447-ga5a8893891 (webtiles) character file.

Game seed: 18088163958807877270

10958 kae the Transmogrifier (level 11, -18/102 HPs)
             Began as a Purple Draconian Transmuter on Jan 10, 2022.
             Was an Initiate of Ru.
             Demolished by a two-headed ogre (26 damage)
             ... on level 9 of the Dungeon.
             The game lasted 00:14:52 (18334 turns).

kae the Transmogrifier (DrTm)                      Turns: 18334, Time: 00:14:53

Health: -18/102    AC: 13    Str: 12    XL:     11   Next: 43%
Magic:  21/24      EV: 11    Int: 17    God:    Ru [......]
Gold:   467        SH:  0    Dex: 13    Spells: 21/29 levels left

rFire   x . .      SeeInvis .     - Unarmed
rCold   + + +      Faith    .   (shield currently unavailable)
rNeg    . . .      Spirit   .   (armour unavailable)
rPois   +          Reflect  .   (helmet currently unavailable)
rElec   .          Harm     .   (cloak currently unavailable)
rCorr   +          Rampage  .   (gloves currently unavailable)
Will    +....                   (boots currently unavailable)
Stlth   +.........              (no amulet)
HPRegen 0.27/turn               d - +4 ring of protection
MPRegen 0.19/turn               m - ring of resist corrosion

@: ice-form
A: freezing attack, amphibious, boosted hp, (breathe power), AC +7, large,
unfitting armour, (cold-blooded)
a: End Transformation, Renounce Religion


You were on level 9 of the Dungeon.
You worshipped Ru.
Ru was noncommittal.
You were a creature of crystalline ice.
You visited 2 branches of the dungeon, and saw 12 of its levels.
You also visited: Sewer.

You collected 582 gold pieces.
You spent 115 gold pieces at shops.

Inventory:

Jewellery
 d - a +4 ring of protection (left front paw)
 k - a ring of protection from cold
 m - a ring of resist corrosion (right front paw)
 s - a +4 ring of evasion
Wands
 g - a wand of mindburst (11)
 n - a wand of paralysis (3)
 o - a wand of iceblast (7)
 y - a wand of flame (32)
 z - a wand of digging (1)
Scrolls
 b - 2 scrolls of magic mapping
 h - 2 scrolls of amnesia
 j - 2 scrolls of fog
 p - 2 scrolls of fear
 u - 2 scrolls of teleportation
 w - 5 scrolls of identify
 x - a scroll of enchant weapon
 B - a scroll of silence
Potions
 a - 4 potions of magic
 c - a potion of ambrosia
 e - 5 potions of heal wounds
 f - 2 potions of resistance
 i - 3 potions of curing
 l - a potion of lignification
 q - a potion of haste
 r - a potion of mutation
 t - 2 potions of attraction
 v - a potion of cancellation
 A - a potion of might


   Skills:
 + Level 4.6 Fighting
 + Level 4.2 Dodging
 * Level 6.7 Unarmed Combat
 + Level 9.9 Spellcasting
 * Level 12.4 Transmutations
 - Level 5.0 Ice Magic
 - Level 1.0 Poison Magic
 + Level 1.9 Evocations


You had 21 spell levels left.
You knew the following spells:

 Your Spells              Type           Power      Damage    Failure   Level
a - Beastly Appendage     Tmut           100%       N/A       1%          1
b - Spider Form           Tmut/Pois      31%        N/A       1%          3
c - Ice Form              Ice/Tmut       38%        N/A       2%          4

Your spell library contained the following spells:

 Spells                   Type           Power      Damage    Failure   Level
 Wereblood                Tmut           50%        N/A       1%          2
 Petrify                  Tmut/Erth      29%        N/A       7%          4
 Blink                    Tloc           16%        N/A       13%         2
 Scorch                   Fire           16%        2d6       13%         2
 Gell's Gravitas          Tloc           8%         N/A       26%         3
 Summon Guardian Golem    Hex/Summ       8%         N/A       26%         3
 Teleport Other           Tloc           8%         N/A       26%         3
 Flame Wave               Conj/Fire      8%         2d4       65%         4
 Metabolic Englaciation   Hex/Ice        8%         N/A       65%         5
 Statue Form              Tmut/Erth      19%        N/A       71%         6
 Manifold Assault         Tloc           8%         N/A       94%         5
 Storm Form               Tmut/Air       14%        N/A       99%         7
 Dispersal                Tloc           4%         N/A       100%        6
 Summon Cactus Giant      Summ           4%         N/A       100%        6
 Orb of Destruction       Conj           4%         9d2       100%        7
 Spellforged Servitor     Conj/Summ      4%         N/A       100%        7


Dungeon Overview and Level Annotations

Branches:
Dungeon (11/15)            Temple (1/1) D:6            Lair (0/6) D:8
    Orc (0/2) D:10          Sewer (visited)

Altars:
Ashenzari
Cheibriados
Dithmenos
Fedhas
Gozag
Hepliaklqana
Kikubaaqudgha
Makhleb
Nemelex Xobeh
Okawaru
Qazlal
Ru
Sif Muna
Trog
Uskayaw
Wu Jian
Xom
Yredelemnul
Zin
The Shining One

Shops:
D:1 :   D:3 [??   D:7 =

Annotations:
D:3 1 runed translucent door, ma3's ghost, amateur HOFi
D:7 2 runed translucent doors


Innate Abilities, Weirdness & Mutations

You are a creature of crystalline ice.
You have a powerful freezing melee attack.
You are amphibious.
Your maximum health is increased.
Your armour is entirely melded.
You are incapable of wielding weapons or throwing items.
((You can breathe bolts of dispelling energy.))
((Your rich purple scales are hard. (AC +7)))
You cannot fit into any form of body armour.
((You are cold-blooded and may be slowed by cold attacks.))


Message History

A two-headed ogre is nearby!
Casting: Ice Form (dangerous; 2% risk of failure)
Confirm with . or Enter, or press ? or * to list all spells.
You turn into a creature of crystalline ice.
The two-headed ogre hits you with a +0 giant club!
The two-headed ogre barely misses you.
You punch the two-headed ogre! You freeze the two-headed ogre.
The two-headed ogre is moderately wounded.
The two-headed ogre hits you with a +0 giant club!
The two-headed ogre hits you but does no damage.
You punch the two-headed ogre! You freeze the two-headed ogre.
The two-headed ogre is heavily wounded.
The two-headed ogre completely misses you.
The two-headed ogre hits you with a +0 giant club!
You are too injured to fight recklessly!
You are too injured to fight recklessly!
A two-headed ogre is nearby!
You are too injured to fight recklessly!
You are too injured to fight recklessly!
You hit the two-headed ogre but do no damage.
The two-headed ogre is heavily wounded.
You completely miss the two-headed ogre.
The two-headed ogre is heavily wounded.
The two-headed ogre hits you with a +0 giant club. x2
You hit the two-headed ogre but do no damage.
The two-headed ogre is heavily wounded.
The two-headed ogre closely misses you.
The two-headed ogre hits you with a +0 giant club!
You punch the two-headed ogre! You freeze the two-headed ogre.
The two-headed ogre is severely wounded.
You hit the two-headed ogre. You freeze the two-headed ogre.
The two-headed ogre is severely wounded.
The two-headed ogre hits you with a +0 giant club!!
* * * LOW HITPOINT WARNING * * *
The two-headed ogre hits you with a +0 giant club!
* * * LOW HITPOINT WARNING * * *
You punch the two-headed ogre! You freeze the two-headed ogre.
The two-headed ogre is almost dead.
The two-headed ogre hits you with a +0 giant club!!
You die...

#)#####)...##.# ##....
#.....#)..###.# ##...
#.....#.).# #.# #..#.
#.....#...# #.# #.##.
#.....#...# #.# #.##.
#.....#...###.######.##.
#########...............
......#######.####...)##
...$..OY.####.####....##
#...####.#....##....###.
. #................
##...............
.##......>........
...}..............
...[.......<......
##.#...............
#........>........


You could see a two-headed ogre.

Vanquished Creatures
  Snorg (D:10)
  2 two-headed ogres
  Sonja (D:10)
  Pikel (D:7)
  A kobold demonologist (D:9)
  A komodo dragon (D:11)
  2 trolls (D:10)
  A hornet (D:10)
  A shadow (D:10)
  A wraith (D:10)
  Eustachio (D:5)
  A yak (D:8)
  2 wyverns
  2 steam dragons (D:8)
  Menkaure (D:5)
  A water moccasin (D:6)
  2 acid dragons (D:10)
  An ice beast (D:8)
  4 orc warriors
  2 sky beasts
  A necrophage (D:4)
  4 ogres
  A black bear (D:3)
  2 centaurs
  A wolf (D:7)
  A lemure (D:7)
  2 phantoms
  13 kobold brigands
  A bullfrog (D:8)
  A gnoll sergeant (D:7)
  6 scorpions
  2 wyvern skeletons (D:7)
  4 troll zombies (D:10)
  4 killer bees (D:10)
  10 wights
  3 centaur zombies
  2 jellies
  2 bullfrog zombies
  4 hounds
  3 centaur skeletons
  3 orc priests
  2 bullfrog skeletons
  6 orc wizards
  A killer bee zombie (D:6)
  4 ogre zombies (D:10)
  2 hound skeletons (D:4)
  19 gnolls
  10 adders
  A howler monkey skeleton (D:6)
  2 river rats (D:6)
  2 shadow imps
  2 white imps
  An adder skeleton (D:4)
  3 worms
  5 dart slugs
  28 orcs
  2 bats
  2 bat zombies (D:3)
  10 endoplasms
  11 giant cockroaches
  4 goblins
  4 hobgoblins
  9 jackals (D:7)
  28 kobolds
  4 quokkas
  9 ball pythons
  3 frilled lizards
  2 goblin skeletons (D:10)
  4 goblin zombies (D:10)
  4 hobgoblin zombies (D:10)
  An orc skeleton (D:10)
  11 orc zombies (D:10)
  7 rats
  3 rat zombies (D:3)
  A butterfly (D:6)
306 creatures vanquished.

Vanquished Creatures (others)
  12 fungi (D:8)
  6 plants (D:8)
18 creatures vanquished.

Grand Total: 324 creatures vanquished

Notes
Turn   | Place    | Note
-------+----------+-------------------------------------------
     0 | D:1      | kae the Draconian Transmuter began the quest for the Orb.
     0 | D:1      | Reached XP level 1. HP: 16/16 MP: 3/3
   141 | D:1      | Reached XP level 2. HP: 17/23 MP: 3/5
   438 | D:1      | Found Exadex's Book Emporium.
   545 | D:1      | Found a faded altar of an unknown god.
   837 | D:1      | Reached skill level 3 in Transmutations
  1257 | D:2      | Reached XP level 3. HP: 24/28 MP: 4/6
  1263 | D:2      | Learned a level 3 spell: Spider Form
  2246 | D:3      | Found Noimmot's Magic Scroll Shop.
  2261 | D:3      | Reached skill level 1 in Poison Magic
  2303 | D:3      | Bought a scroll of magic mapping for 49 gold pieces
  2303 | D:3      | Bought a scroll of identify for 28 gold pieces
  2303 | D:3      | Bought a scroll of noise for 14 gold pieces
  2344 | D:2      | Reached XP level 4. HP: 35/35 MP: 1/8
  2526 | D:3      | Found a runed translucent door.
  2544 | D:3      | Noticed ma3's ghost (amateur HOFi)
  2557 | D:3      | Reached skill level 4 in Transmutations
  2623 | D:3      | Reached XP level 5. HP: 33/40 MP: 6/9
  2698 | D:3      | Found Uratoito's Magic Scroll Emporium.
  2780 | D:3      | Bought a scroll of identify for 24 gold pieces
  2933 | D:3      | Found Wewn's Weapon Emporium.
  2951 | D:3      | Found Ykeekek's Armour Boutique.
  2954 | D:3      | Noticed a phantom
  3015 | D:2      | Killed a phantom
  3016 | D:2      | Reached skill level 5 in Transmutations
  3363 | D:3      | Found an ancient bone altar of Kikubaaqudgha.
  3847 | D:4      | Noticed a black bear
  3967 | D:3      | Killed a black bear
  3968 | D:3      | Reached XP level 6. HP: 22/47 MP: 8/11
  4398 | D:4      | Reached skill level 6 in Transmutations
  4562 | D:4      | Your scales start taking on a rich purple colour.
  4562 | D:4      | Reached skill level 5 in Spellcasting
  4562 | D:4      | Reached XP level 7. HP: 52/52 MP: 10/14
  5057 | D:4      | Learned a level 4 spell: Ice Form
  5112 | D:4      | Found a hide-covered altar of Uskayaw.
  5398 | D:4      | Reached skill level 1 in Ice Magic
  5576 | D:5      | Entered Level 5 of the Dungeon
  5707 | D:5      | Reached skill level 7 in Transmutations
  5787 | D:5      | Found a stormy altar of Qazlal.
  5830 | D:5      | Noticed Eustachio
  6091 | D:5      | Reached XP level 8. HP: 48/59 MP: 16/16
  6222 | D:5      | Noticed Menkaure
  6240 | D:5      | Killed Menkaure
  6921 | D:5      | Killed Eustachio
  6922 | D:5      | Reached skill level 8 in Transmutations
  7261 | D:6      | Found a staircase to the Ecumenical Temple.
  7280 | Temple   | Entered the Ecumenical Temple
  7515 | D:6      | Found a glowing drain.
  7537 | Sewer    | Entered a sewer
  7754 | Sewer    | Reached skill level 5 in Ice Magic
  8231 | D:6      | Found a shimmering altar of Xom.
  8448 | D:6      | Found a sacrificial altar of Ru.
  8655 | D:6      | Reached XP level 9. HP: 20/64 MP: 15/19
  8917 | D:6      | Found a glowing golden altar of the Shining One.
  8961 | D:6      | Reached skill level 9 in Transmutations
  9129 | D:6      | Became a worshipper of Ru the Awakened
  9979 | D:7      | Found a large runed translucent door.
  9980 | D:7      | Found a large runed translucent door.
  9994 | D:7      | Noticed Pikel
 10262 | D:7      | Killed Pikel
 10263 | D:7      | Reached skill level 10 in Transmutations
 11189 | D:7      | Found Azyadyv's Jewellery Shoppe.
 11813 | D:7      | Reached skill level 11 in Transmutations
 12348 | D:8      | Reached XP level 10. HP: 44/72 MP: 19/22
 12775 | D:8      | HP: 4/80 [wight (9)]
 12775 | D:8      | HP: 1/78 [wight (1)]
 14147 | D:8      | You fall into a shaft and drop 3 floors!
 14156 | D:11     | Noticed a boulder beetle
 14181 | D:10     | Entered Level 10 of the Dungeon
 14264 | D:10     | Noticed Snorg
 14275 | D:10     | Killed Snorg
 14596 | D:10     | Reached skill level 5 in Unarmed Combat
 14867 | D:10     | Found a blossoming altar of Fedhas.
 15477 | D:10     | Found a staircase to the Orcish Mines.
 16049 | D:10     | Paralysed by a hornet for 1 turns
 16067 | D:10     | Reached skill level 12 in Transmutations
 16702 | D:10     | Noticed Sonja
 16718 | D:10     | Killed Sonja
 16719 | D:10     | Reached XP level 11. HP: 84/84 MP: 21/24
 17366 | D:9      | Noticed a two-headed ogre
 17385 | D:8      | Killed a two-headed ogre
 17386 | D:8      | Reached skill level 1 in Evocations
 17552 | D:8      | Found a staircase to the Lair.
 17894 | D:9      | Noticed a two-headed ogre
 17905 | D:9      | Killed a two-headed ogre
 18323 | D:9      | Noticed a two-headed ogre
 18334 | D:9      | Demolished by a two-headed ogre

Illustrated notes

Levels and vault maps discovered:
D:1:      dpeg_arrival_rooms_c, layout_loops_ring, serial_shops,
          nicolae_shop_hallway_plus, hellmonk_ecumenical_altar_arch_garden,
          minmay_close_crescents
D:2:      layout_basic
D:3:      layout_basic, lemuel_zombie_altar_kikubaaqudgha, serial_shops, shop,
          nicolae_shop_statue_plus, nicolae_shop_bloodbath_and_beyond,
          nicolae_shop_crystal, ebering_ghost_reflecting_pool
D:4:      layout_basic, kennysheep_mini, minmay_pentomino_pile
D:5:      layout_loops_cross, mainiacjoe_overflow_alcove_4, uniq_menkaure,
          uniq_eustachio
D:6:      layout_basic, mainiacjoe_overflow_small_starburst, xom_butterflies,
          tso_altar, minmay_temple_entry_sparse_star, portal_sewer_entry_b
D:7:      nicolae_BIG_FREAKIN_CUBE, layout_cave_pools, jmf_multi_god_temple2,
          serial_gnoll_camp, gnoll_camp_mini_shop, gnoll_camp_mini_doghouse,
          gnoll_camp_mini_doghouse, gnoll_camp_mini_sergeant, uniq_pikel
D:8:      layout_rooms, grunt_lair_entry_orc_guard_hut
D:9:      layout_rooms, special_room [special_room_kobold]
D:10:     layout_stronghold, old_standard_altar, zombieorc2_lemuel,
          minivault_21, uniq_snorg, uniq_sonja
D:11:     layout_irregular_city, zin_statuary
Temple:   dshaligram_water_room_temple

Skill      XL: |  1  2  3  4  5  6  7  8  9 10 11 |
---------------+----------------------------------+-----
Transmutations | 3 4 5 6 7 8 11 12 | 12.4
Poison Magic   | 1 |  1.0
Spellcasting   | 3 5 7 8 9 |  9.9
Ice Magic      | 2 5 |  5.0
Dodging        | 2 3 4 |  4.2
Fighting       | 4 |  4.6
Unarmed Combat | 6 |  6.7
Evocations     | 1 |  1.9

Action                   |  1- 3 |  4- 6 |  7- 9 | 10-12 || total
-------------------------+-------+-------+-------+-------++-------
Melee: Unarmed           |   116 |   162 |   475 |   421 ||  1174
       Kick              |    21 |    18 |     3 |       ||    42
       Tailslap          |    11 |    15 |     9 |     2 ||    37
       Headbutt          |    11 |    13 |     2 |       ||    26
       Punch             |     2 |     5 |     1 |     2 ||    10
 Cast: Beastly Appendage |    24 |    15 |     3 |       ||    42
       Spider Form       |     1 |    10 |     8 |       ||    19
       Ice Form          |       |       |    48 |    42 ||    90
Invok: Reject Sacrifices |       |       |     1 |       ||     1
Evoke: Wand              |       |       |       |     7 ||     7
  Use: Scroll            |     6 |     5 |    12 |     5 ||    28
       Potion            |       |       |     1 |     1 ||     2
 Stab: Sleeping          |     1 |     1 |       |       ||     2
       Paralysed         |       |       |       |    11 ||    11
       Distracted        |       |       |       |     1 ||     1
Armor: Skin              |    44 |    51 |   240 |   209 ||   544
Dodge: Dodged            |    68 |   141 |   273 |   227 ||   709

Table legend: (Time is in decaauts)
 A = Elapsed time spent in this place.
 B = Non-inter-level travel time spent in this place.
 C = Inter-level travel time spent in this place.
 D = Time resting spent in this place.
 E = Time spent auto-exploring this place.
 F = Levels seen in this place.
 G = Mean time per level.
                   A        B        C        D        E       F      G
               +--------+--------+--------+--------+--------+-----+--------+
         Total |  18329 |  17561 |    768 |    679 |  14229 |  13 | 1409.9 |
       Dungeon |  17532 |  16786 |    746 |    679 |  13616 |  11 | 1593.8 |
        Temple |    147 |    125 |     22 |      0 |    112 |   1 |  147.0 |
         Sewer |    649 |    649 |      0 |      0 |    501 |   1 |  649.0 |
               +--------+--------+--------+--------+--------+-----+--------+

Top non-repeatable levels by time:
     D:7: 2938 daAuts
    D:10: 2825 daAuts
     D:6: 2071 daAuts
     D:2: 1681 daAuts
     D:3: 1650 daAuts
     D:5: 1494 daAuts
     D:8: 1466 daAuts
     D:4: 1389 daAuts
     D:1: 1076 daAuts
     D:9: 672 daAuts
   Sewer: 649 daAuts
    D:11: 267 daAuts
  Temple: 147 daAuts
